 Dungeon Crawl Stone Soup version 0.31-a0-358-gac0dbeb3ab (webtiles) character file.

Game seed: 9978210043720018225

67463 freelancePsychic the Grappler (level 14, -11/143 (150) HPs)
             Began as a Troll Shapeshifter on July 25, 2023.
             Was a High Priest of Okawaru.
             Mangled by an ettin
             ... wielding a +0 dire flail
              (29 damage)
             ... on level 2 of the Orcish Mines.
             The game lasted 00:33:08 (16945 turns).

freelancePsychic the Grappler (Troll Shapeshifter) Turns: 16945, Time: 00:33:08

HP:   -11/143 (150) AC:  5    Str: 26    XL:     14   Next: 83%
MP:   0/17          EV: 15    Int:  4    God:    Okawaru [*****.]
Gold: 1629          SH:  0    Dex: 14    Spells: 13/13 levels left

rFire   . .          .
                       - Unarmed
rCold   + . .        (no shield)
rNeg    . . .        M - melded +0 troll leather armour
rPois   .            S - +0 hat {Stlth+}
rElec   .            h - +2 cloak
rCorr   .            (gloves unavailable)
SInv    .            (boots unavailable)
Will    +....        p - amulet of guardian spirit
Stlth   ++           q - +5 ring of evasion
HPRegen 1.23/turn    z - ring of protection from cold
MPRegen 0.15/turn

%: guardian spirit
@: maw-form, lightly drained
A: devouring maw, large, unfitting armour, claws 3, regeneration 1, shaggy fur
1, tough skin 1
a: Begin Untransformation, Renounce Religion, Heroism, Finesse, Duel


You were on level 2 of the Orcish Mines.
You worshipped Okawaru.
Okawaru was extremely pleased with you.
You were a creature with a mouth for a stomach.
You visited 3 branches of the dungeon, and saw 17 of its levels.
You also visited: Sewer, Ossuary and Ice Cave.

You collected 1629 gold pieces.

Inventory:

Missiles
 l - 7 throwing nets
Armour
 a - a +0 animal skin
 h - a +2 cloak (worn)
 k - a +0 tower shield
 G - the scarf of the Poles {repulsion, rPois rC+}
   (Okawaru gifted it to you in an ice cave)

   rC:        It protects you from cold.
   rPois:     It protects you from poison.
 L - +0 steam dragon scales
 M - a +0 troll leather armour (melded)
 S - a +0 hat of stealth (worn)
 Y - the +0 hat "Ciprerph" {Rampage}
   (You found it in an ice cave)

   Rampage:   It bestows one free step when moving towards enemies.
Jewellery
 d - a ring of flight
 g - the ring of Ofont {rCorr Str-5 Dex+6}
   (You found it on level 5 of the Lair of Beasts)

   [ring of resist corrosion]

   Str:       It affects your strength (-5).
   Dex:       It affects your dexterity (+6).
   rCorr:     It protects you from acid and corrosion.
 i - a ring of ice
 j - a ring of resist corrosion
 p - an amulet of guardian spirit (around neck)
 q - a +5 ring of evasion (left claw)
 z - a ring of protection from cold (right claw)
 J - a ring of protection from cold
 Q - a ring of see invisible
 T - a ring of magical power
 V - a ring of wizardry
Talismans
 o - a maw talisman
 v - a blade talisman
 O - a talisman of death
Wands
 c - a wand of flame (21)
 u - a wand of iceblast (11)
 A - a wand of digging (5)
 C - a wand of paralysis (13)
 I - a wand of light (12)
 N - a wand of mindburst (7)
 R - a wand of polymorph (4)
Scrolls
 e - 4 scrolls of fog
 f - 3 scrolls of silence
 m - a scroll of blinking
 r - 3 scrolls of vulnerability
 w - 8 scrolls of teleportation {@r4}
 x - a scroll of immolation
 y - 8 scrolls of identify {@r1}
 P - 2 scrolls of summoning
Potions
 b - a potion of lignification
 n - 3 potions of curing {@q1}
 s - 5 potions of mutation
 t - 6 potions of enlightenment
 B - 7 potions of might
 D - 4 potions of haste {@q3}
 E - 5 potions of brilliance
 F - a potion of resistance
 H - a potion of ambrosia
 K - 2 potions of magic
 X - a potion of cancellation {unknown}
Miscellaneous
 W - a lightning rod (3/4)


   Skills:
 + Level 12.8 Fighting
 - Level 1.5 Dodging
 + Level 14.3 Unarmed Combat
 - Level 6.0 Invocations
 + Level 13.7 Shapeshifting


You had 13 spell levels left.
You didn't know any spells.
Your spell library contained the following spells:

 Spells                   Type           Power      Damage    Failure   Level
 Kiss of Death            Conj/Necr      0%         2d5       50%         1
 Magic Dart               Conj           0%         1d3       50%         1
 Necrotise                Necr           0%         1d4       50%         1
 Cigotuvi's Dreadful Rot  Necr/Pois/Air  0%         N/A       65%         2
 Confusing Touch          Hex            0%         N/A       86%         3
 Ignite Poison            Fire/Tmut/Pois 0%         N/A       86%         3
 Mephitic Cloud           Conj/Pois/Air  0%         N/A       86%         3
 Portal Projectile        Hex/Tloc       0%         N/A       86%         3
 Vampiric Draining        Necr           0%         2d6       86%         3
 Volatile Blastmotes      Fire/Tloc      0%         2d10      86%         3
 Dispel Undead            Necr           0%         3d6       99%         4
 Fulminant Prism          Conj/Hex       0%         3d5       99%         4
 Iskenderun's Mystic Bla  Conj/Tloc      0%         2d3       99%         4
 Passage of Golubria      Tloc           0%         N/A       99%         4
 Agony                    Necr           0%         N/A       100%        5
 Freezing Cloud           Conj/Ice/Air   0%         6-21      100%        5
 Silence                  Hex/Air        0%         N/A       100%        5
 Lehudib's Crystal Spear  Conj/Erth      0%         10d2      100%        8
 Call Imp                 Summ           Unusable   N/A       N/A         2
 Tukima's Dance           Hex            Unusable   N/A       N/A         3

Dungeon Overview and Level Annotations

Branches:
Dungeon (10/15)            Temple (0/1) D:5            Lair (5/5) D:10
 Shoals (0/4) Lair:3       Spider (0/4) Lair:3        Slime (0/5) Lair:4
    Orc (2/2) D:10          Sewer (visited)         Ossuary (visited)
  IceCv (visited)
    Elf: Orc:2

Altars:
Gozag
Nemelex Xobeh
Okawaru
Trog
The Shining One

Shops:
D:8 :

Annotations:
D:10 Maggie
Lair:1 exclusion: boulder beetle


Innate Abilities, Weirdness & Mutations

You are a creature with a mouth for a stomach.
Your midsection houses a second, enormous mouth.
You are too large for most types of armour.
You have claws for hands.
Your natural rate of healing is unusually fast.
You are covered in fur. (AC +1)
You have tough skin. (AC +1)


Message History

The orc sorcerer is heavily wounded.
The orc sorcerer gestures at you while chanting.
The bolt of negative energy hits you!!
You feel drained.
* * * LOW HITPOINT WARNING * * *
You mangle the orc sorcerer!!
You kill the orc sorcerer!
Okawaru accepts your kill.
Magic restored.
HP restored.
Things that are here:
a +1 dagger of draining; a +0 robe; an orc corpse
There is a stone staircase leading down here.
You climb downwards.
The orc warrior shouts!
The orc shouts!
The orc high priest shouts!
You hear a shout! x2
There is a stone staircase leading up here.
The orc warrior hits you with a +0 battleaxe.
You climb upwards.
There is a stone staircase leading down here.
You scratch the orc warrior but do no damage.
You bite the orc warrior!
The orc warrior is moderately wounded.
The orc warrior barely misses you.
You mangle the orc warrior!!
You devour the orc warrior!
You feel better.
You kill the orc warrior!
Okawaru accepts your kill.
No target in view!
You climb downwards.
An orc wizard comes into view. It is wielding a +3 dagger.
The ettin hits you with a +0 dire flail!!!
The ettin closely misses you. The orc hits you but does no damage.
The ettin hits you with a +0 dire flail!!
The ettin hits you with a +0 dire flail!!!
The orc hits you but does no damage.
There is a stone staircase leading up, spattered with blood here.
The warg bites you.
The ettin hits you with a +0 dire flail!!
* * * LOW HITPOINT WARNING * * *
The ettin hits you with a +0 dire flail!!
You die...

..... # ###...######....#
..................#
.........o........######
....#.............##...##
........................# #
.............oo........# .##
##...........C.......###...#
.#............W..............
..............o.h#.#..........
....#..................#......#.
... #..............#............
..................###.#..#......
.#...........)#..).#.#..........
........................#......
..##.......^...........##......
.......................C##.....


You could see an ettin, an orc high priest, a warg, an orc priest, an orc wizard
and an orc.

Vanquished Creatures
  Gastronok (Lair:2)
  An orc warlord (Orc:1)
  6 hydras
  A centaur warrior (D:10)
  2 ironbound frosthearts (IceCv)
  Erica (Lair:2)
  A merfolk avatar (Lair:5)
  A boulder beetle (Lair:2)
  2 two-headed ogres
  11 death yaks
  Sonja (D:10)
  Nergalle (Lair:2)
  5 skysharks
  A sea snake (Lair:5)
  A lindwurm (Lair:3)
  2 orc sorcerers (Orc:1)
  A cyclops (D:9)
  A manticore (Lair:5)
  10 elephants
  3 black mambas
  A torpor snail (Lair:5)
  An ice statue (IceCv)
  15 cane toads
  12 komodo dragons
  8 rime drakes
  3 trolls
  13 polar bears
  3 wind drakes (Lair:5)
  19 blink frogs
  4 hornets
  14 dream sheep
  3 jumping spiders (Lair:3)
  A vampire (D:10)
  A wraith (Ossuary)
  A culicivora (Lair:3)
  9 wyverns
  2 shadows (D:10)
  51 yaks
  3 basilisks
  3 steam dragons
  3 redbacks (Lair:3)
  A warg (Orc:1)
  9 water moccasins
  9 orc warriors
  4 black bears
  A swamp drake (D:10)
  3 ice beasts
  5 ogres
  23 wolves
  7 centaurs
  3 kobold brigands
  Blork the orc (D:5)
  14 bullfrogs
  4 gnoll sergeants
  4 scorpions
  5 killer bees (D:9)
  3 howler monkeys (D:7)
  4 hounds
  4 jellies
  Crazy Yiuf (D:7)
  A gnoll bouda (D:7)
  7 orc priests
  A sleepcap (D:5)
  2 iguanas
  12 orc wizards
  Ijyb (D:5)
  A mummy (Ossuary)
  26 gnolls
  15 adders
  8 river rats
  2 shadow imps
  2 white imps
  3 worms
  2 dart slugs
  30 orcs
  5 endoplasms
  7 giant cockroaches
  3 hobgoblins
  10 jackals
  26 kobolds
  11 quokkas
  9 ball pythons
  5 bats
  5 frilled lizards
  4 gnoll skeletons (Ossuary)
  10 goblins
  5 kobold skeletons (Ossuary)
  16 orc skeletons (Ossuary)
  6 rats
563 creatures vanquished.

Notes
Turn   | Place    | Note
-------+----------+-------------------------------------------
     0 | D:1      | freelancePsychic the Troll Shapeshifter began the quest for
                  | the Orb.
     0 | D:1      | Reached XP level 1. HP: 18/18 MP: 0/0
   127 | D:1      | Reached skill level 1 in Fighting
   183 | D:1      | Reached XP level 2. HP: 27/27 MP: 1/1
   298 | D:1      | Found a faded altar of an unknown god.
   547 | D:2      | Reached XP level 3. HP: 28/33 MP: 2/2
   936 | D:2      | Reached skill level 4 in Unarmed Combat
   939 | D:2      | Reached XP level 4. HP: 26/41 MP: 3/3
  1676 | D:4      | Noticed a black bear
  1852 | D:4      | Noticed an ogre
  2112 | D:5      | Entered Level 5 of the Dungeon
  2112 | D:5      | Noticed Blork the orc
  2117 | D:4      | Killed a black bear
  2118 | D:4      | Reached XP level 5. HP: 49/49 MP: 4/4
  2204 | D:4      | Found a large runed translucent door.
  2205 | D:4      | Found a large runed translucent door.
  2213 | D:4      | Found an iron altar of Okawaru.
  2224 | D:4      | Found a glowing golden altar of the Shining One.
  2231 | D:4      | Reached skill level 5 in Unarmed Combat
  2238 | D:4      | Became a worshipper of Warmaster Okawaru
  2335 | D:4      | Reached XP level 6. HP: 59/59 MP: 5/5
  2649 | D:5      | Killed Blork the orc
  2650 | D:5      | Reached skill level 1 in Invocations
  2721 | D:5      | Reached skill level 6 in Unarmed Combat
  2721 | D:5      | Reached XP level 7. HP: 67/67 MP: 5/7
  2850 | D:5      | Noticed Ijyb
  2861 | D:5      | Killed Ijyb
  2861 | D:5      | Reached * piety under Okawaru
  3031 | D:5      | Found a staircase to the Ecumenical Temple.
  3056 | D:5      | Reached skill level 7 in Unarmed Combat
  3185 | D:5      | Reached XP level 8. HP: 72/78 MP: 6/8
  3642 | D:6      | Reached ** piety under Okawaru
  3653 | D:6      | Reached skill level 5 in Shapeshifting
  3878 | D:6      | Found a glowing drain.
  3899 | Sewer    | Entered a sewer
  4842 | D:7      | Reached skill level 5 in Fighting
  4952 | D:7      | Noticed a troll
  4964 | D:7      | Reached XP level 9. HP: 66/88 MP: 5/9
  5014 | D:7      | Found a sand-covered staircase.
  5023 | Ossuary  | Entered an ossuary
  5087 | Ossuary  | Reached *** piety under Okawaru
  5368 | D:7      | Found an opulent altar of Gozag.
  5368 | D:7      | Found a sparkling altar of Nemelex Xobeh.
  5406 | D:7      | Killed a troll
  5928 | D:7      | Found a runed translucent door.
  5929 | D:7      | Noticed Crazy Yiuf
  6070 | D:7      | Killed Crazy Yiuf
  6164 | D:8      | Reached **** piety under Okawaru
  6375 | D:8      | Reached XP level 10. HP: 95/100 MP: 8/10
  6424 | D:8      | Found Pugutel's Book Emporium.
  6784 | D:8      | Paralysed by a hornet for 3 turns
  7020 | D:9      | Noticed a cyclops
  7031 | D:9      | HP: 5/102 [cyclops (25)]
  7034 | D:9      | Killed a cyclops
  7260 | D:9      | Found a bloodstained altar of Trog.
  7352 | D:9      | Reached ***** piety under Okawaru
  7549 | D:9      | Noticed a two-headed ogre
  7553 | D:9      | Killed a two-headed ogre
  7554 | D:9      | Reached skill level 8 in Unarmed Combat
  7558 | D:9      | Reached skill level 5 in Invocations
  7655 | D:10     | Entered Level 10 of the Dungeon
  7683 | D:10     | Noticed Sonja
  7693 | D:10     | Killed Sonja
  7694 | D:10     | Reached XP level 11. HP: 43/111 MP: 7/13
  7874 | D:10     | Found a staircase to the Lair.
  7889 | D:10     | Received a gift from Okawaru
  8049 | D:10     | Noticed a centaur warrior
  8059 | D:10     | Killed a centaur warrior
  8124 | D:10     | Noticed Maggie
  8465 | D:10     | Found a staircase to the Orcish Mines.
  8710 | D:10     | Reached skill level 10 in Shapeshifting
  8861 | Lair:1   | Entered Level 1 of the Lair of Beasts
  9020 | Lair:1   | Reached skill level 9 in Unarmed Combat
  9164 | Lair:1   | Noticed a death yak
  9165 | Lair:1   | Noticed a death yak
  9167 | Lair:1   | Noticed a death yak
  9170 | Lair:1   | Noticed a death yak
  9275 | Lair:1   | Noticed a death yak
  9277 | Lair:1   | Noticed a death yak
  9282 | Lair:1   | Killed a death yak
  9290 | Lair:1   | Killed a death yak
  9295 | Lair:1   | Killed a death yak
  9304 | Lair:1   | Killed a death yak
  9304 | Lair:1   | Identified the +10 hand crossbow "Qijan" {elec, Fly Int+4}
                  | (Okawaru gifted it to you on level 1 of the Lair of Beasts)
  9304 | Lair:1   | Received a gift from Okawaru
  9308 | Lair:1   | Killed a death yak
  9309 | Lair:1   | Reached XP level 12. HP: 66/123 MP: 5/15
  9326 | Lair:1   | Killed a death yak
  9327 | Lair:1   | Reached skill level 10 in Unarmed Combat
  9676 | Lair:1   | Noticed a boulder beetle
  9959 | Lair:2   | Noticed Gastronok
  9971 | Lair:2   | Killed Gastronok
 10301 | Lair:2   | Noticed Nergalle
 10462 | Lair:2   | Noticed a boulder beetle
 10473 | Lair:2   | Killed a boulder beetle
 10553 | Lair:2   | Identified the scarf of the Sun {shadows, rCorr Str+7
                  | Dex+2} (Okawaru gifted it to you on level 2 of the Lair of
                  | Beasts)
 10553 | Lair:2   | Received a gift from Okawaru
 10592 | Lair:2   | Noticed Erica
 10605 | Lair:2   | Killed Erica
 10606 | Lair:2   | Reached skill level 10 in Fighting
 10687 | Lair:2   | Killed Nergalle
 10688 | Lair:2   | Reached skill level 11 in Unarmed Combat
 11006 | Lair:3   | Identified the +7 scimitar of the Crawling Thing
                  | {antimagic, +Blink rF+}
 11021 | Lair:3   | Found a hole to the Spider Nest.
 11539 | Lair:3   | Reached XP level 13. HP: 135/135 MP: 14/16
 11794 | Lair:3   | Found a staircase to the Shoals.
 12537 | Lair:3   | Identified the +5 great mace of Ehyefi {heavy, Int+2}
                  | (Okawaru gifted it to you on level 3 of the Lair of Beasts)
 12537 | Lair:3   | Received a gift from Okawaru
 12565 | Lair:4   | Found a staircase to the Slime Pits.
 12848 | Lair:3   | Reached skill level 12 in Unarmed Combat
 13830 | Lair:5   | Entered Level 5 of the Lair of Beasts
 13882 | Lair:5   | Identified the +6 chain mail of Beyond {*Slow Str+7}
 13931 | Lair:5   | Found a frozen archway.
 13937 | IceCv    | Entered an ice cave
 14084 | IceCv    | Received a gift from Okawaru
 14449 | IceCv    | Reached skill level 13 in Unarmed Combat
 14466 | IceCv    | Reached XP level 14. HP: 107/148 MP: 11/17
 14529 | IceCv    | Identified the scarf of the Poles {repulsion, rPois rC+}
                  | (Okawaru gifted it to you in an ice cave)
 14529 | IceCv    | Received a gift from Okawaru
 14575 | IceCv    | Identified the +0 hat "Ciprerph" {Rampage}
 14632 | Lair:5   | Paralysed by a hornet for 2 turns
 15356 | Lair:5   | Identified the ring of Ofont {rCorr Str-5 Dex+6}
 15625 | Lair:5   | Reached skill level 14 in Unarmed Combat
 16317 | Orc:1    | Entered Level 1 of the Orcish Mines
 16318 | Orc:1    | Noticed an orc warlord
 16429 | Orc:1    | Killed an orc warlord
 16741 | Orc:2    | Entered Level 2 of the Orcish Mines
 16945 | Orc:2    | Mangled by an ettin

Illustrated notes

Levels and vault maps discovered:
D:1:      saegor_arrival_simple_e, layout_basic,
          dilly_ecumenical_altar_fadedgnrine
D:2:      layout_loops_ring, minmay_fountain_box
D:3:      layout_basic
D:4:      layout_loops_ring, jmf_multi_god_temple2
D:5:      layout_gridville, minmay_temple_entry_mini_moons, uniq_ijyb,
          uniq_blork_the_orc
D:6:      layout_basic, portal_sewer_entry_c
D:7:      layout_cave_pods, grunt_temple_overflow_opulence,
          nicolae_ossuary_entry_monument, minmay_checkerbox,
          uniq_crazy_yiuf_cottage
D:8:      layout_rooms, serial_shops, shop
D:9:      nicolae_BIG_FREAKIN_CUBE, layout_cross, mainiacjoe_overflow_chevrons
D:10:     layout_gridville, bloody_makhleb, david_lair_generic, erik_orc_1,
          uniq_sonja, uniq_maggie
Lair:1:   layout_cave_pods, nicolae_quartered_pool_little, grunt_megastairs_1,
          lemuel_fruit_tree, infiniplex_staircase_pool_2
Lair:2:   layout_regular_city, uniq_gastronok, uniq_erica, uniq_nergalle
Lair:3:   layout_layer_cave, minmay_shoals_entry_centaurs,
          nicolae_spider_entry_tight_spaces, minivault_19,
          hangedman_lair_generics_rect, lemuel_fruit_fields
Lair:4:   layout_loops_ring, nicolae_slime_entry_field_trip,
          mumra_transporter_accident, chequers_serial_rivers_micro_d
Lair:5:   gammafunk_lair_ancient_temple, layout_regular_city,
          portal_ice_cave_rime, nicolae_volcano_entry_s_turn, minivault_19,
          st_stairs_13, serial_bayou_shore_a
Orc:1:    layout_caves, basic_altar
Orc:2:    st_orc_mages, layout_caves, basic_altar, special_room, uniq_erolcha

Skill      XL: |  1  2  3  4  5  6  7  8  9 10 11 12 13 14 |
---------------+-------------------------------------------+-----
Fighting       | 1 2 3 5 6 7 9 10 11 12 | 12.8
Unarmed Combat | 4 5 6 7 8 9 11 13 14 | 14.3
Invocations    | 1 2 5 6 |  6.0
Shapeshifting  | 4 6 8 9 10 11 12 13 | 13.7
Dodging        | |  1.5

Action                     |  1- 3 |  4- 6 |  7- 9 | 10-12 | 13-15 || total
---------------------------+-------+-------+-------+-------+-------++-------
  Melee: Unarmed           |    62 |    69 |   349 |   453 |   568 ||  1501
         Punch             |     2 |     1 |     7 |    36 |    57 ||   103
         Maw               |       |       |       |    10 |    13 ||    23
 Invoke: Heroism           |       |       |     5 |     5 |    12 ||    22
         Finesse           |       |       |       |     4 |     3 ||     7
  Evoke: Wand              |       |       |     5 |    11 |     2 ||    18
         Lightning rod     |       |       |       |       |     4 ||     4
    Use: Scroll            |     2 |     5 |    11 |    10 |    10 ||    38
         Potion            |       |     2 |     1 |     5 |     6 ||    14
   Stab: Sleeping          |     1 |       |       |     1 |     3 ||     5
         Invisible         |       |       |       |     1 |     1 ||     2
 Armour: Animal skin       |    26 |    12 |    72 |     5 |       ||   115
         Skin              |       |     5 |       |    15 |    58 ||    78
         Steam dragon scal |       |       |       |    25 |       ||    25
         Troll leather arm |       |       |       |    46 |   123 ||   169
  Dodge: Dodged            |    19 |    22 |   220 |   292 |   434 ||   987
   Form: Blade             |       |       |     1 |       |     1 ||     2
         Maw               |       |       |       |     1 |     1 ||     2

Table legend: (Time is in decaauts)
 A = Elapsed time spent in this place.
 B = Non-inter-level travel time spent in this place.
 C = Inter-level travel time spent in this place.
 D = Time resting spent in this place.
 E = Time spent auto-exploring this place.
 F = Levels seen in this place.
 G = Mean time per level.
                   A        B        C        D        E       F      G
               +--------+--------+--------+--------+--------+-----+--------+
         Total |  16650 |  15819 |    831 |    465 |  11802 |  20 |  832.5 |
       Dungeon |   8167 |   7608 |    559 |    271 |   5713 |  10 |  816.7 |
          Lair |   6550 |   6293 |    257 |    167 |   4904 |   5 | 1310.0 |
  Orcish Mines |    532 |    518 |     14 |      0 |    418 |   2 |  266.0 |
         Sewer |    555 |    555 |      0 |      0 |    362 |   1 |  555.0 |
       Ossuary |    202 |    202 |      0 |      0 |    120 |   1 |  202.0 |
      Ice Cave |    641 |    641 |      0 |     27 |    284 |   1 |  641.0 |
               +--------+--------+--------+--------+--------+-----+--------+

Top non-repeatable levels by time:
  Lair:3: 1849 daAuts
  Lair:5: 1570 daAuts
    D:10: 1359 daAuts
  Lair:2: 1165 daAuts
     D:7: 1105 daAuts
  Lair:1: 1087 daAuts
  Lair:4: 877 daAuts
     D:5: 853 daAuts
     D:4: 849 daAuts
     D:9: 778 daAuts
     D:8: 724 daAuts
     D:6: 718 daAuts
     D:2: 717 daAuts
   IceCv: 641 daAuts
   Sewer: 555 daAuts
